Map: Dusk Towers

Players

Kelemvor

  • Race: Zerg Zerg
  • League: Diamond

Lethologica - Winner!

  • Race: Terran Terran
  • League: Platinum

VOD

Have the link to the VOD?

Description

Time

  • Played on: Nov. 18, 2015, 4:29 p.m.
  • Length: 17:45
Show
View Real Time Build Order
Export as new Build Order

Kelemvor Zerg 

Build Orders: Hatch First, Lurkers 

Get SALT Encoding   

  12  0:01  Drone  
  13  0:13  Overlord  
  13  0:20  Drone  
  14  0:31  Drone x2  
  16  0:36  Drone  
  17  0:58  Hatchery, Drone  
  17  1:01  Extractor  
  17  1:02  Drone  
  17  1:16  Spawning Pool  
  16  1:19  Drone  
  17  1:28  Drone x2  
  19  1:39  Overlord  
  19  1:58  Drone  
  20  2:09  Metabolic Boost  
  20  2:15  Drone x3  
  23  2:20  Hatchery  
  22  2:28  Drone x2  
  24  2:30  Queen  
  26  2:41  Drone x2  
  26  2:58  Queen  
  26  3:00  Overlord  
  26  3:01  Drone x3  
  31  3:08  Overlord  
  31  3:13  Drone  
  32  3:22  Drone x2  
  34  3:31  Zergling x4  
  34  3:34  Queen  
  36  3:41  Drone x5  
  40  3:42  Drone  
  40  3:43  Overlord  
  44  3:58  Drone x4  
  48  4:04  Extractor  
  46  4:19  Zergling x6  
  46  4:20  Zergling x6  
  51  4:36  Overlord  
  51  4:37  Overlord  
  51  4:38  Drone x4  
  55  4:54  Drone x2  
  55  4:55  Drone x3  
  60  5:00  Roach Warren  
  60  5:04  Evolution Chamber  
  57  5:23  Lair  
  57  5:26  Drone x7  
  57  5:27  Drone x7  
  71  5:34  Extractor  
  71  5:35  Extractor  
  69  5:38  Hatchery, Zerg Missile Weapons Level 1, Overlord x2  
  69  5:39  Overlord  
  68  5:44  Roach  
  68  5:45  Roach  
  72  5:53  Extractor x2  
  70  6:11  Overlord x3  
  70  6:12  Drone  
  70  6:13  Drone x4  
  70  6:14  Drone x4  
  79  6:21  Roach x2  
  79  6:25  Glial Reconstitution  
  83  6:31  Pneumatized Carapace  
  83  6:33  Burrow  
  83  6:59  Hydralisk Den  
  82  7:02  Drone x2  
  82  7:04  Queen  
  82  7:05  Drone  
  82  7:06  Drone x12  
  99  7:14  Ravager x3  
  99  7:15  Ravager  
  103  7:17  Roach  
  103  7:18  Roach x3  
  103  7:22  Overseer  
  111  7:28  Lurker Den  
  111  7:29  Extractor  
  110  7:30  Extractor  
  110  7:32  Drone x2, Infestation Pit  
  110  7:35  Zerg Missile Weapons Level 2  
  110  7:37  Overlord x5  
  110  7:38  Overlord x7  
  110  7:39  Overseer  
  110  7:40  Overseer  
  110  7:48  Roach x4  
  118  7:51  Overseer  
  118  8:08  Roach  
  118  8:09  Roach x3, Zergling x6  
  118  8:10  Zergling x2  
  108  8:24  Zergling x14  
  112  8:33  Roach  
  112  8:34  Roach x4  
  112  8:52  Hive  
  112  8:55  Muscular Augments  
  112  8:56  Spire  
  111  9:03  Hatchery  
  110  9:13  Hydralisk x2, Roach x4  
  110  9:14  Hydralisk x10, Roach x2  
  146  9:23  Ravager x3  
  146  9:24  Ravager x3  
  149  9:25  Ravager, Roach x2  
  149  9:26  Roach x4  
  164  9:34  Hydralisk x3  
  170  9:45  Extractor  
  169  9:48  Extractor  
  168  10:01  Drone x3  
  168  10:02  Extractor  
  170  10:10  Zerg Missile Weapons Level 3  
  170  10:12  Ultralisk Cavern, Greater Spire  
  169  10:16  Evolution Chamber  
  115  10:38  Roach x4  
  115  10:39  Hydralisk x4, Roach x3  
  115  10:40  Hydralisk, Roach x4  
  144  10:48  Hydralisk x2  
  117  11:10  Lurker  
  108  11:14  Lair  
  110  11:18  Lurker x2  
  110  11:23  Roach x3, Zergling x6  
  110  11:24  Roach x2, Zergling x8  
  110  11:25  Zergling x2  
  128  11:40  Drone x3  
  131  11:53  Lurker x2  
  133  11:57  Hatchery  
  132  12:03  Roach x3  
  132  12:04  Roach x2, Zergling x2  
  132  12:05  Zergling x10  
  148  12:29  Hatchery  
  73  13:05  Zergling x10  
  52  13:06  Ultralisk, Zergling x2  
  52  13:10  Hive  
  59  13:25  Zerg Ground Armor Level 1  
  59  13:26  Zerg Melee Weapons Level 1  
  59  13:28  Ultralisk x4, Zergling x4  
  85  13:37  Zergling x4  
  87  13:51  Hatchery  
  86  14:23  Viper x4  
  98  14:37  Zergling x2  
  98  14:38  Zergling x22  
  83  14:39  Zergling x12  
  41  15:20  Zergling x8  
  41  15:21  Zergling x10  
  47  15:37  Zergling x6  
  44  15:46  Adrenal Glands  
  37  15:58  Zergling x6  
  37  15:59  Zergling x2  
  41  16:05  Hatchery  
  40  16:13  Zergling x8  
  40  16:14  Zergling x4  
  46  16:24  Ultralisk  
  45  16:57  Baneling Nest  
  41  17:09  Hatchery  
  41  17:13  Hatchery  
  39  17:21  Drone x2  
  39  17:22  Drone x4  
Show
View Real Time Build Order
Export as new Build Order

Lethologica Terran - Winner!

Build Orders: Reaper Expand, MMM Bio 

Get SALT Encoding   

  12  0:00  SCV  
  13  0:13  SCV  
  14  0:19  Supply Depot  
  14  0:25  SCV  
  15  0:29  Refinery  
  15  0:41  SCV  
  16  0:45  Barracks  
  16  0:53  SCV  
  17  1:05  SCV  
  18  1:17  SCV  
  19  1:32  Reaper  
  20  1:35  Orbital Command  
  20  1:44  Command Center  
  20  1:53  Supply Depot  
  20  2:00  Barracks  
  20  2:05  SCV  
  21  2:17  SCV  
  21  2:20  Factory  
  22  2:29  SCV  
  23  2:36  Marine  
  24  2:41  SCV  
  25  2:51  Marine  
  25  2:53  SCV  
  27  3:03  Orbital Command  
  27  3:05  SCV  
  28  3:16  Barracks Reactor  
  28  3:17  SCV  
  28  3:18  Barracks Tech Lab  
  28  3:19  Command Center  
  29  3:22  Factory Reactor  
  29  3:29  SCV  
  29  3:32  SCV  
  31  3:37  Marauder  
  31  3:38  Stimpack  
  33  3:41  SCV  
  33  3:45  SCV  
  33  3:47  Barracks  
  35  3:53  SCV  
  35  3:54  Marine  
  35  3:55  Marine  
  38  3:57  SCV, Refinery  
  38  4:00  Supply Depot  
  39  4:06  SCV  
  39  4:09  SCV  
  41  4:12  Widow Mine  
  41  4:13  Marauder  
  41  4:14  Marine  
  41  4:16  Marine  
  46  4:21  SCV  
  47  4:24  SCV, Supply Depot  
  47  4:26  Widow Mine  
  50  4:33  SCV  
  50  4:36  SCV  
  50  4:37  Refinery  
  53  4:38  Refinery  
  53  4:39  Orbital Command  
  53  4:43  Marine x2  
  53  4:44  Barracks Reactor  
  53  4:45  Marauder, Widow Mine  
  57  4:50  SCV  
  58  4:55  Starport  
  58  4:56  SCV  
  58  4:59  Widow Mine  
  61  5:02  Marine x2  
  61  5:05  SCV  
  64  5:14  Marauder  
  64  5:15  SCV  
  64  5:21  Marine x4  
  67  5:22  SCV  
  67  5:25  SCV, Supply Depot  
  73  5:29  Engineering Bay x2  
  73  5:31  SCV  
  73  5:33  Widow Mine  
  73  5:34  Starport Reactor  
  76  5:43  SCV  
  77  5:50  SCV x2  
  77  5:52  Marine x4  
  77  5:53  Marine  
  77  5:55  SCV  
  85  5:57  Supply Depot, Terran Infantry Armor Level 1  
  85  5:58  Terran Infantry Weapons Level 1  
  85  6:05  Supply Depot  
  85  6:18  Marine x2, Medivac, Widow Mine  
  85  6:19  SCV x2  
  93  6:26  Marine x2  
  93  6:27  SCV, Marauder, Medivac  
  93  6:31  SCV  
  101  6:34  Armory  
  101  6:38  Command Center  
  101  6:44  Supply Depot  
  101  6:49  SCV  
  101  7:01  Barracks  
  101  7:04  Supply Depot, Barracks  
  101  7:05  Marauder, Medivac, Marine x4  
  109  7:08  Supply Depot  
  109  7:09  Factory  
  109  7:17  Supply Depot  
  109  7:19  SCV x3, Widow Mine x2  
  109  7:21  Supply Depot  
  116  7:24  Marine  
  116  7:26  Medivac, Marine x3  
  122  7:30  Command Center  
  122  7:31  SCV x3, Marauder  
  127  7:44  SCV x3  
  130  7:49  Combat Shields  
  130  7:53  Refinery  
  130  7:55  Refinery  
  130  7:56  SCV x3, Barracks Tech Lab, Barracks Reactor  
  130  7:57  Supply Depot, Widow Mine x2, Marine x4  
  130  7:58  Supply Depot, Marauder  
  143  7:59  Factory Tech Lab  
  143  8:08  SCV x3  
  143  8:11  Medivac  
  148  8:13  Medivac  
  131  8:29  Marine x3  
  131  8:30  Marauder x2, Widow Mine x3, Marine  
  131  8:31  Terran Infantry Weapons Level 2, Terran Infantry Armor Level 2  
  131  8:33  SCV  
  145  8:41  Medivac  
  145  8:45  Marine x2  
  145  8:47  SCV  
  150  8:50  Marine x4  
  150  8:51  SCV, Supply Depot  
  150  8:52  Supply Depot  
  155  8:56  Starport  
  155  8:57  Factory  
  151  9:10  Marine x5  
  151  9:11  Marauder, Marine  
  151  9:13  SCV  
  151  9:14  Siege Tank x2  
  151  9:15  Medivac  
  151  9:17  Marine x2  
  168  9:23  SCV  
  171  9:27  Supply Depot, Terran Vehicle Weapons Level 1  
  171  9:28  Marine x2  
  171  9:29  Supply Depot  
  171  9:30  Marine x2  
  175  9:31  SCV  
  175  9:36  SCV  
  177  9:38  SCV  
  177  9:43  SCV  
  179  9:48  SCV  
  180  9:56  Marine  
  180  9:57  Marauder, Marine x4  
  180  9:58  Siege Tank x2, Medivac  
  195  10:01  SCV  
  195  10:07  Marine x3  
  196  10:08  SCV  
  200  10:19  Marauder  
  151  10:28  Marine  
  151  10:29  Marine x7  
  151  10:30  Medivac x2  
  148  10:39  Siege Tank x2  
  148  10:40  SCV, Marauder  
  157  10:46  Marine  
  157  10:47  Marine x3  
  160  11:01  Marauder  
  131  11:16  Marine  
  131  11:17  Siege Tank, Marine x7  
  131  11:18  Siege Tank, Medivac x2  
  145  11:23  Marauder  
  145  11:41  Marine x6  
  145  11:42  Marine x2  
  145  11:43  Command Center  
  145  11:44  Marauder  
  155  11:53  Siege Tank x2, Medivac x2  
  165  11:59  Marine x3  
  168  12:06  Marauder  
  170  12:09  Marine x4  
  170  12:14  Marine  
  175  12:16  Command Center  
  175  12:27  Marauder  
  168  12:43  Marine x4  
  172  12:44  Siege Tank x2, Medivac  
  172  12:48  Marauder  
  172  12:51  Marine x3  
  184  12:52  SCV  
  184  12:53  Supply Depot, SCV  
  176  13:03  Marine  
  176  13:04  Marine x4  
  158  13:10  Marauder  
  158  13:11  Command Center  
  158  13:12  Marine x3  
  163  13:13  Medivac  
  165  13:21  Marine  
  165  13:22  Marine  
  167  13:31  Marauder  
  169  13:35  SCV  
  169  13:38  Terran Infantry Armor Level 3  
  170  13:41  SCV  
  171  13:53  Marauder  
  173  13:59  Marine x4  
  173  14:00  Marine x3  
  173  14:01  Siege Tank x2, Medivac  
  188  14:12  Orbital Command  
  188  14:14  Marauder  
  190  14:36  Terran Infantry Weapons Level 3  
  171  14:46  Marine x4  
  171  14:47  Marauder, Medivac, Marine  
  171  14:49  Marine  
  157  15:01  Marine x2  
  155  15:08  Marauder  
  155  15:13  Marine  
  155  15:14  Marine x3  
  159  15:24  Orbital Command  
  151  15:30  Marauder  
  134  15:42  Marine x2  
  132  15:43  Marine x3  
  132  15:59  Orbital Command  
  132  16:03  Marine  
  133  16:09  SCV  
  134  16:39  Refinery  
  134  16:40  Marine, Refinery, Orbital Command  
  134  16:41  Marine x5  
  140  16:47  Refinery  
  140  16:48  Refinery  
  140  17:18  Marine  
  140  17:19  Marauder, Marine x7  
  162  17:37  Refinery  
  162  17:40  Refinery  
Tags
 
Add a new tag
Caveats
  • Supply blocks, unpowered buildings, or Contaminate may cause inaccurate times.
  • Supply counts are checked every 10 seconds.